Map: Glittering Ashes LE

Players

HAchubbyTTV - Winner!

  • Race: Terran Terran

IIIIIIIIIII

  • Race: Protoss Protoss
  • League: Diamond

VOD

Have the link to the VOD?

Description

Time

  • Played on: Nov. 28, 2021, 10:54 a.m.
  • Length: 6:22
Show
View Real Time Build Order
Export as new Build Order

HAchubbyTTV Terran - Winner!

Build Orders: 1/1/1 

Get SALT Encoding   

  12  0:00  SCV  
  13  0:12  SCV  
  14  0:17  Supply Depot  
  14  0:24  SCV  
  15  0:38  SCV  
  15  0:40  Barracks  
  16  0:43  Refinery  
  16  0:51  SCV  
  16  0:54  Supply Depot  
  17  1:03  SCV  
  18  1:06  Refinery  
  18  1:15  SCV  
  19  1:27  Marine  
  19  1:28  Orbital Command  
  20  1:43  Factory  
  20  1:54  Barracks Reactor  
  20  1:56  SCV  
  21  2:08  SCV  
  22  2:20  SCV  
  23  2:29  Starport, Widow Mine  
  25  2:32  Marine x2  
  27  2:40  SCV  
  28  2:44  Supply Depot  
  28  2:50  Marine, Widow Mine  
  31  3:00  Armory  
  31  3:05  Marine  
  31  3:06  SCV  
  31  3:07  Medivac  
  31  3:08  Marine  
  36  3:13  Factory Tech Lab  
  36  3:18  Supply Depot  
  36  3:23  Marine  
  36  3:26  Marine  
  38  3:47  Thor  
  46  3:51  Medivac, Supply Depot  
  46  3:52  Marine  
  47  3:56  Supply Depot  
  47  4:12  Marine x2  
  47  4:16  Supply Depot  
  49  4:30  Marine x2  
  51  4:44  Thor  
  57  4:47  Marine x2  
  59  4:56  Medivac  
  44  5:43  Marine x2  
  41  6:01  Marine x2  
Show
View Real Time Build Order
Export as new Build Order

IIIIIIIIIII Protoss 

Build Orders: Blink Stalkers 

Get SALT Encoding   

  12  0:05  Probe  
  13  0:17  Probe  
  14  0:21  Pylon  
  14  0:29  Probe  
  15  0:39  Gateway  
  15  0:41  Probe (Chrono Boost)  
  16  0:48  Assimilator  
  16  0:52  Probe (Chrono Boost)  
  17  0:57  Probe (Chrono Boost)  
  18  1:07  Probe  
  19  1:20  Probe  
  20  1:31  Cybernetics Core  
  20  1:33  Probe  
  20  1:37  Assimilator  
  21  1:47  Nexus  
  21  1:53  Pylon  
  20  1:58  Probe  
  21  2:05  Adept (Chrono Boost)  
  23  2:14  Twilight Council, Probe  
  24  2:18  Warp Gate  
  24  2:32  Stalker  
  26  2:39  Gateway  
  26  2:53  Probe  
  27  3:05  Probe, Blink (Chrono Boost)  
  28  3:06  Probe  
  29  3:25  Probe  
  30  3:29  Shield Battery  
  30  3:35  Gateway  
  30  3:40  Probe  
  31  3:41  Probe  
  32  3:51  Pylon  
  32  3:53  Probe  
  33  3:58  Gateway  
  33  4:02  Probe  
  34  4:08  Stalker x2  
  38  4:21  Shield Battery  
  36  4:45  Robotics Facility  
  36  4:47  Stalker x2  
  36  4:48  Stalker  
  42  4:58  Stalker  
  41  5:05  Probe x2  
  39  5:15  Stalker x2  
  39  5:16  Stalker  
  41  5:29  Stalker  
  38  5:42  Stalker x2  
  30  5:54  Stalker  
  26  6:04  Zealot  
  20  6:12  Zealot  
Tags
 
Add a new tag
Caveats
  • Supply blocks, unpowered buildings, or Contaminate may cause inaccurate times.
  • Supply counts are checked every 10 seconds.